 Dungeon Crawl Stone Soup version 0.25-a0-160-gd1d2e81aba (webtiles) character file.

Game seed: 13475908192922117990, levelgen mode: deterministic

2 Gargoyl the Skirmisher (level 1, 0/19 HPs)
             Began as a Centaur Abyssal Knight on Nov 21, 2019.
             Was a Follower of Lugonu.
             Slain by a kobold
             ... wielding a +2 dagger of venom
              (1 damage)
             ... on level 1 of the Dungeon.
             The game lasted 00:00:58 (349 turns).

Gargoyl the Skirmisher (Centaur Abyssal Knight)      Turns: 349, Time: 00:00:59

Health: 0/19       AC:  5    Str: 11 (14) XL:     1   Next: 33%
Magic:  2/2        EV:  8    Int:  9 (11) God:    Lugonu [*.....]
Gold:   22         SH:  2    Dex:  7 (8)  Spells: 0/0 levels left

rFire    . . .     SeeInvis .   a - +1 hand axe
rCold    . . .     Gourm    .   e - +0 buckler
rNeg     . . .     Faith    .   b - +0 leather armour
rPois    .         Spirit   .   (no helmet)
rElec    .         Reflect  .   (no cloak)
rCorr    .         Harm     .   f - +0 pair of gloves
MR       .....                  (no barding)
Stlth    ..........             (no amulet)
HPRegen  0.06/turn              (no ring)
MPRegen  0.08/turn              (no ring)

@: lethally poisoned (0 -> -19), very quick
A: large, hooves 3, deformed body, speed 2, tough skin 3
a: Depart the Abyss, Renounce Religion


You were on level 1 of the Dungeon.
You worshipped Lugonu.
Lugonu was aware of your devotion.
You were not hungry.

You visited 1 branch of the dungeon, and saw 1 of its levels.
You visited the Abyss 1 time.

You collected 22 gold pieces.

Inventory:

Hand Weapons
 a - a +1 hand axe (weapon)
Armour
 b - a +0 leather armour (worn)
 e - a +0 buckler (worn)
 f - a +0 pair of gloves (worn)
Scrolls
 g - a scroll of remove curse {unknown}
 h - a scroll of amnesia {unknown}
 i - a scroll of identify {unknown}
Comestibles
 c - a ration


   Skills:
 + Level 3.0 Fighting
 + Level 1.8 Axes
 * Level 1.5 Armour
 + Level 0.6 Dodging
 * Level 0.1 Shields
 * Level 2.0 Invocations


You couldn't memorise any spells.
You didn't know any spells.
Your spell library contained the following spells:

 Spells                   Type           Power        Failure   Level  Hunger
 Malign Gateway           Summ/Tloc      #.........   100%        7    #######
 Monstrous Menagerie      Summ           #.........   100%        7    #######
 Summon Greater Demon     Summ           #.........   100%        7    #######
 Summon Horrible Things   Summ           #.........   100%        8    #######


Dungeon Overview and Level Annotations

Branches:
Dungeon (1/15)

Altars:


Innate Abilities, Weirdness & Mutations

You have hooves in place of feet.
Armour fits poorly on your strangely shaped body.
You cover ground very quickly.
You have extremely tough skin. (AC +3)


Message History

You closely miss the kobold. Your kick misses the kobold.
You feel sick. The kobold hits you but does no damage.
The kobold hits you with a +2 dagger of venom.
You barely miss the kobold. You kick the kobold, but do no damage.
You feel sick. The kobold barely misses you.
You closely miss the kobold.
* * * LOW HITPOINT WARNING * * *
You feel sick. The kobold hits you but does no damage.
You are more poisoned.
You barely miss the kobold.
* * * LOW HITPOINT WARNING * * *
You feel sick. The kobold misses you.
Unknown command.
It was a potion of degeneration.
There was something very wrong with that liquid.
You feel weakened.
You feel dopey.
You feel clumsy.
* * * LOW HITPOINT WARNING * * *
You feel sick.
The kobold hits you with a +2 dagger of venom.
You die...

########### ###
#.........! ..#
###.######## ##.##
#..).(.....# #>...
##..##.....###..#
#.@##..........#
#.K##......##..####
#..##.......†......
#..##.......#.#####
#..##..............
#..#####+#..######.
#..#####.........#
............###.##
#####...#


You could see a kobold.

Vanquished Creatures
  2 bats (D:1)
  A rat (D:1)
3 creatures vanquished.

Vanquished Creatures (others)
  A kobold (D:1)
1 creature vanquished.

Grand Total: 4 creatures vanquished

Notes
Turn   | Place    | Note
-------+----------+-------------------------------------------
     0 | Abyss:1  | Gargoyl the Centaur Abyssal Knight began the quest for the
                  | Orb.
     0 | Abyss:1  | Reached XP level 1. HP: 19/19 MP: 2/2
     0 | Abyss:1  | Found a corrupted altar of Lugonu.
    52 | Abyss:1  | Noticed a balrug
    54 | Abyss:1  | Noticed a large abomination
    90 | Abyss:2  | Noticed a tormentor
   209 | Abyss:2  | Noticed a flayed ghost
   224 | Abyss:2  | Noticed a large abomination
   226 | Abyss:2  | Noticed a chaos spawn
   244 | Abyss:2  | Noticed a raiju
   245 | Abyss:2  | Noticed a ynoxinul
   246 | Abyss:2  | Noticed a small abomination
   246 | Abyss:2  | Noticed a small abomination
   252 | Abyss:2  | Noticed a ynoxinul
   253 | D:1      | Escaped the Abyss
   318 | D:1      | Reached * piety under Lugonu
   349 | D:1      | Slain by a kobold

Levels and vault maps discovered:
D:1:      zelgadis_glass_arrival_small, layout_basic

Action                   || total
-------------------------++-------
Melee: Hand axe          ||    15
       Kick              ||     2
Invok: Depart the Abyss  ||     1
  Use: Scroll            ||     1
       Potion            ||     1
Armor: Leather armour    ||    10
Dodge: Dodged            ||    15
Block: Buckler           ||     2

Table legend:
 A = Non-vault XP
 B = Vault XP
 C = Vault XP percentage of total XP
 D = Non-vault monster count
 E = Vault monster count
 F = Vault count percentage of total count
                 A         B        C        D         E       F
            +---------+---------+-------+---------+---------+-------
      Total |       4 |       0 |   0.0 |       3 |       0 |   0.0
            +---------+---------+-------+---------+---------+-------
        D:1 |       4 |       0 |   0.0 |       3 |       0 |   0.0
            +---------+---------+-------+---------+---------+-------
